AoeStats
← Groove8733

Arabia

509304132Analyzed
1v1 RM · 5d ago on Sep 26, 2026· 30m 37s· 2 players
Game mode
Random Map
Map size
Tiny (2 player)
Population
200
Speed
Normal
Resources
Standard
Victory
Conquest
Starting age
Dark Age
Ending age
Imperial Age
RankedLock teamsTeams togetherTeam positionsShared explorationLock speedFull tech treeHidden civsTurbo modeCheats
Victory
Defeat
🇮🇳 Lithuanians · India
649
+18
🇦🇺 Italians · Australia
685
-42
Cortex
11:16 Feudal Age
9:34 Loom
15:45 Double-Bit Axe
16:22 Scale Barding Armor
20:37 Castle Age
19:31 Bloodlines
20:13 Gold Mining
24:07 Chain Barding Armor
25:02 Husbandry
30:03 Wheelbarrow
29:44 Bow Saw
29:23 Horse Collar
29:54 Scale Mail Armor
Groove8733
4:48 Loom
10:42 Feudal Age
15:14 Wheelbarrow
15:22 Double-Bit Axe
16:47 Horse Collar
17:45 Gold Mining
17:45 Stone Mining
20:10 Padded Archer Armor
20:16 Scale Barding Armor
24:36 Castle Age
24:14 Fletching
24:42 Crossbowman
25:45 Bow Saw
28:08 Leather Archer Armor
28:13 Chain Barding Armor
Connection lost

Rejoining the realm…

Still unreachable

The connection could not be restored.

Session expired

The server has moved on; the page needs a fresh start.